 Dungeon Crawl Stone Soup version 0.31-a0-150-g89dc3ad700 (webtiles) character file.

Game seed: 962798436235774685

25917 qw the Marksminotaur (level 12, -1/110 HPs)
             Began as a Minotaur Hunter on June 8, 2023.
             Was a High Priest of Okawaru.
             Slain by a snapping turtle (16 damage)
             ... on level 3 of the Lair of Beasts.
             The game lasted 00:04:27 (11364 turns).

qw the Marksminotaur (Minotaur Hunter)             Turns: 11364, Time: 00:04:28

Health: -1/110     AC: 12    Str: 16      XL:     12   Next: 93%
Magic:  16/18      EV: 18    Int:  6      God:    Okawaru [*****.]
Gold:   454        SH:  0    Dex: 18 (19) Spells: 11/11 levels left

rFire   + . .        q - +1 longbow (elec)
rCold   + . .        (shield currently unavailable)
rNeg    . . .        t - +1 ring mail {rPois}
rPois   +            (helmet restricted)
rElec   .            i - +0 cloak
rCorr   .            x - +1 pair of gloves
SInv    .            (no boots)
Will    .....        o - amulet of faith
Stlth   +++          a - ring of protection from cold
HPRegen 0.38/turn    h - ring of protection from fire
MPRegen 0.16/turn

%: faith
@: about to teleport, heroic
A: horns 2, retaliatory headbutt, deterioration 1, screaming 1
a: Renounce Religion, Heroism, Finesse, Duel


You were on level 3 of the Lair of Beasts.
You worshipped Okawaru.
Okawaru was extremely pleased with you.
You visited 3 branches of the dungeon, and saw 14 of its levels.

You collected 638 gold pieces.
You spent 184 gold pieces at shops.


Innate Abilities, Weirdness & Mutations

You have a pair of horns on your head.
You reflexively headbutt those who attack you in melee.
Your body sometimes deteriorates upon taking damage.
You occasionally shout uncontrollably at your foes.


   Skills:
 - Level 11.0(16.0) Fighting
 + Level 17.1(22.1) Ranged Weapons
 - Level 6.1(11.1) Armour
 - Level 8.0(13.0) Dodging
 - Level 0.7(5.7) Stealth
 + Level 9.8 Invocations


You had 11 spell levels left.
You didn't know any spells.
Your spell library was empty.

Inventory:

Hand Weapons
 q - a +1 longbow of electrocution (weapon)
Armour
 c - a +0 cloak of poison resistance
 i - a +0 cloak (worn)
 r - +0 steam dragon scales
 t - a +1 ring mail of poison resistance (worn)
 u - a +0 ring mail of fire resistance
 x - a +1 pair of gloves (worn)
Jewellery
 a - a ring of protection from cold (left hand)
 h - a ring of protection from fire (right hand)
 j - an amulet of regeneration
 o - an amulet of faith (around neck)
 Y - a ring of willpower
Wands
 p - a wand of digging (11)
Scrolls
 g - 3 scrolls of teleportation
 l - a scroll of identify
Potions
 b - a potion of might
 d - 2 potions of haste
 e - a potion of degeneration {unknown}
 f - 7 potions of curing
 k - a potion of resistance
 m - a potion of magic
 n - a potion of enlightenment {unknown}
 v - a potion of mutation
 w - a potion of attraction {unknown}

Dungeon Overview and Level Annotations

Branches:
Dungeon (10/15)            Temple (1/1) D:5            Lair (3/5) D:10
 Shoals (0/4) Lair:3        Snake (0/4) Lair:2
    Orc: D:9-12

Altars:
Ashenzari
Cheibriados
Dithmenos
Elyvilon
Fedhas
Gozag
Hepliaklqana
Kikubaaqudgha
Makhleb
Nemelex Xobeh
Okawaru
Qazlal
Ru
Sif Muna
Trog
Uskayaw
Vehumet
Wu Jian
Xom
Yredelemnul
Zin
The Shining One

Shops:
D:4 !([*   D:8 [

Annotations:
D:8 2 transporters
D:10 1 runed translucent door


Message History

You shoot an arrow. The arrow hits the water moccasin.
Lightning courses through the water moccasin!
You kill the water moccasin!
Okawaru accepts your kill.
You shoot an arrow. The arrow hits the cane toad!
You kill the cane toad!
Okawaru accepts your kill. The snapping turtle closely misses you.
You shoot an arrow. The arrow hits the cane toad!!
The cane toad is severely wounded.
The cane toad completely misses you.
The snapping turtle bites you from afar!!
The cane toad stings you!
11358 ||| INVOKING Heroism.
You gain the combat prowess of a mighty hero.
The snapping turtle misses you. The cane toad closely misses you.
You shoot an arrow. The arrow hits the cane toad!!
You kill the cane toad!
Okawaru accepts your kill.
The snapping turtle bites you from afar!!
You shoot an arrow. The arrow hits the snapping turtle!
Lightning courses through the snapping turtle!
The snapping turtle is moderately wounded.
The snapping turtle bites you from afar!
You shoot an arrow. The arrow hits the snapping turtle!
The snapping turtle is heavily wounded.
The snapping turtle bites you from afar!!
Your body deteriorates!
You feel clumsy.
11362 ||| READING 4 scrolls of teleportation.
As you read the scroll of teleportation, it crumbles to dust.
You feel strangely unstable. The snapping turtle misses you.
You shoot an arrow.
The arrow hits the snapping turtle but does no damage.
Lightning courses through the snapping turtle!
The snapping turtle is almost dead.
You shoot an arrow. The arrow hits the snapping turtle.
The snapping turtle is almost dead.
The snapping turtle bites you from afar!
You die...

##~~~~~~~~~............ ###
#~~~#####~~~........... .P######
#~~##...##~~........... .P.##..##
#~~#.....#~~...........
........###~~#..>..#~~...........
.......#...~~#.....#~~...........
......P....~~# t..##~~...........
...........~~~##%##~~~...........
.....##.....~~~~@~~~~............
.............~~~.~~~.......^.....
...).............................
.....................(...........
.................................
.................................
.................................
...................#.............
..#.#...#......#...........[.....


You could see a snapping turtle.

Vanquished Creatures
  2 catoblepae
  2 two-headed ogres (D:9)
  4 death yaks (Lair:1)
  17 elephants
  Maurice (D:9)
  3 black mambas (Lair:2)
  A gargoyle (D:10)
  An unseen horror (D:10)
  8 cane toads
  A rime drake (Lair:1)
  4 komodo dragons
  2 polar bears
  9 blink frogs
  Sigmund (D:3)
  3 wyverns
  13 yaks
  A wraith (D:10)
  3 basilisks
  5 steam dragons
  6 water moccasins
  2 orc warriors
  3 sky beasts
  3 black bears
  3 ogres
  3 wolves (Lair:3)
  2 centaurs
  2 phantoms
  9 bullfrogs
  3 kobold brigands
  A gnoll sergeant (D:8)
  2 scorpions
  8 wights
  4 killer bees (D:8)
  An electric eel (D:8)
  2 howler monkeys (D:9)
  A gnoll bouda (D:8)
  2 orc priests (D:9)
  4 hounds
  A jelly (D:6)
  A sleepcap (D:5)
  Jessica (D:3)
  3 iguanas
  4 orc wizards
  12 gnolls
  6 adders
  2 white imps (D:7)
  7 worms
  3 dart slugs
  24 orcs
  3 bats
  10 endoplasms
  4 giant cockroaches
  10 goblins
  4 hobgoblins
  4 jackals (D:4)
  A quokka (D:5)
  11 ball pythons
  6 frilled lizards
  A goblin zombie (D:10)
  A jackal skeleton (D:10)
  13 kobolds
  7 rats
281 creatures vanquished.

Vanquished Creatures (others)
  A sky beast (D:7)
1 creature vanquished.

Grand Total: 282 creatures vanquished

Notes
Turn   | Place    | Note
-------+----------+-------------------------------------------
     0 | D:1      | qw the Minotaur Hunter began the quest for the Orb.
     0 | D:1      | Reached XP level 1. HP: 18/18 MP: 0/0
     0 | D:1      | 0 ||| qw: Version: 0.2-a-119-g0488c42
     0 | D:1      | 0 ||| qw: Game counter: 2717
     0 | D:1      | 0 ||| qw: Always use a shield: true
     0 | D:1      | 0 ||| qw: God list: Okawaru
     0 | D:1      | 0 ||| qw: Allow faded altars: false
     0 | D:1      | 0 ||| qw: Do Orc after D:15 true
     0 | D:1      | 0 ||| qw: Do second Lair branch before Depths: true
     0 | D:1      | 0 ||| qw: Lair rune preference: random
     0 | D:1      | 0 ||| qw: Plans: Normal
     0 | D:1      | 0 ||| PLANNING D:1-11
   138 | D:1      | Reached XP level 2. HP: 22/25 MP: 1/1
   168 | D:1      | Reached skill level 5 in Ranged Weapons
   430 | D:1      | Reached skill level 3 in Fighting
   479 | D:1      | 479 ||| UPGRADING to amulet of regeneration.
   484 | D:1      | 484 ||| READING scroll labelled SIGEKH IKIAB.
   485 | D:1      | 485 ||| READING scroll labelled OKIJ UKY EG KECH.
   486 | D:1      | 486 ||| READING scroll labelled WIDGHO EFUD.
   491 | D:1      | 491 ||| READING scroll labelled TIMNOQ MEKH.
   492 | D:1      | 492 ||| DRINKING 3 fizzy dark potions.
   493 | D:1      | 493 ||| DROPPING scroll of butterflies.
   563 | D:2      | Reached XP level 3. HP: 31/31 MP: 2/2
   573 | D:2      | HP: 7/31 [gnoll/+0 spear (2)]
   574 | D:2      | 574 ||| DRINKING 2 potions of heal wounds.
   643 | D:2      | Reached XP level 4. HP: 38/38 MP: 3/3
   665 | D:2      | Reached skill level 6 in Ranged Weapons
   917 | D:2      | Found a faded altar of an unknown god.
  1078 | D:2      | 1078 ||| UPGRADING to ring of protection from cold.
  1079 | D:2      | 1079 ||| READING scroll labelled PEICYO CIJUX.
  1080 | D:2      | 1080 ||| DRINKING 2 orange potions.
  1141 | D:3      | Found a broken altar of Ashenzari.
  1166 | D:3      | Noticed Jessica
  1169 | D:3      | Killed Jessica
  1235 | D:3      | Reached XP level 5. HP: 47/47 MP: 4/4
  1698 | D:3      | Noticed Sigmund
  1708 | D:3      | 1708 ||| FLEEEEING.
  1709 | D:3      | 1709 ||| FLEEEEING.
  1710 | D:3      | 1710 ||| FLEEEEING.
  1716 | D:3      | 1716 ||| FLEEEEING.
  1717 | D:3      | 1717 ||| FLEEEEING.
  1721 | D:3      | 1721 ||| FLEEEEING.
  1723 | D:3      | Killed Sigmund
  1724 | D:3      | Reached skill level 7 in Ranged Weapons
  1724 | D:3      | Reached XP level 6. HP: 50/53 MP: 5/5
  1941 | D:3      | 1941 ||| UPGRADING to +0 cloak.
  1946 | D:3      | 1946 ||| UPGRADING to +0 ring mail.
  1956 | D:3      | 1956 ||| DROPPING +0 leather armour.
  1957 | D:3      | 1957 ||| READING scroll labelled DAIQIWK UNEURGH.
  2002 | D:4      | Found Biti's Weapon Shop.
  2010 | D:4      | 2010 ||| BUYING +0 longbow (91 gold).
  2010 | D:4      | Bought a +0 longbow for 91 gold pieces
  2010 | D:4      | 2010 ||| SWAPPING to +0 longbow.
  2011 | D:4      | 2011 ||| DROPPING +0 shortbow of freezing.
  2029 | D:4      | Found a shimmering altar of Xom.
  2053 | D:4      | Found Rouwkov's General Store.
  2070 | D:4      | 2070 ||| SHOPLISTING +0 pair of gloves "Toxisuh" {rElec rF+
                  | Str-3 Int+6} (349 gold, have 63).
  2070 | D:4      | 2070 ||| SHOPLISTING potion of mutation (88 gold, have 63).
  2070 | D:4      | 2070 ||| BUYING scroll of teleportation (33 gold).
  2070 | D:4      | Bought a scroll of teleportation for 33 gold pieces
  2264 | D:4      | Found Uthreg Itro's Antique Armour Shoppe.
  2269 | D:4      | 2269 ||| SHOPLISTING glowing ring mail (189 gold, have 81).
  2403 | D:4      | Found Jeteif's Distillery.
  2418 | D:4      | 2418 ||| BUYING potion of curing (30 gold).
  2418 | D:4      | Bought a potion of curing for 30 gold pieces
  2418 | D:4      | 2418 ||| BUYING potion of curing (30 gold).
  2418 | D:4      | Bought a potion of curing for 30 gold pieces
  2418 | D:4      | 2418 ||| SHOPLISTING potion of curing (30 gold, have 21).
  2418 | D:4      | 2418 ||| SHOPLISTING potion of haste (100 gold, have 21).
  2418 | D:4      | 2418 ||| SHOPLISTING potion of heal wounds (50 gold, have
                  | 21).
  2418 | D:4      | 2418 ||| UPGRADING to ring of willpower.
  2419 | D:4      | 2419 ||| READING scroll labelled ZETIMM ZAESHRAYPN.
  2420 | D:4      | 2420 ||| READING scroll labelled FEIR CIKIOTRE.
  2421 | D:4      | 2421 ||| READING scroll labelled NUPORR NYOHOWO.
  2422 | D:4      | 2422 ||| DRINKING 2 amethyst potions.
  2450 | D:5      | Entered Level 5 of the Dungeon
  2459 | D:5      | Found a glowing golden altar of the Shining One.
  2499 | D:5      | Reached skill level 8 in Ranged Weapons
  2519 | D:5      | Reached XP level 7. HP: 60/60 MP: 6/6
  2635 | D:5      | Identified the +5 rapier of the Brain {drain, Fly Dex+3}
  2665 | D:5      | Found a staircase to the Ecumenical Temple.
  2666 | D:5      | 2666 ||| PLANNING TEMPLE
  2674 | Temple   | Entered the Ecumenical Temple
  2700 | Temple   | 2700 ||| PLANNING D:1-11
  2727 | D:5      | Found an iron altar of Okawaru.
  2728 | D:5      | 2728 ||| PLANNING OKAWARU WORSHIP
  2755 | D:5      | Became a worshipper of Warmaster Okawaru
  2755 | D:5      | 2755 ||| PLANNING D:1-11
  2983 | D:5      | Reached skill level 9 in Ranged Weapons
  3185 | D:5      | 3185 ||| READING scroll labelled YDWINO TOUQEM.
  3202 | D:6      | 3202 ||| STAIRDANCE
  3204 | D:6      | 3204 ||| Stepping ~*~*~tactically~*~*~ (outnumbered).
  3205 | D:6      | Reached skill level 3 in Dodging
  3258 | D:6      | Reached * piety under Okawaru
  3259 | D:6      | Reached skill level 6 in Fighting
  3259 | D:6      | Reached XP level 8. HP: 62/71 MP: 7/7
  3260 | D:6      | 3260 ||| FLEEEEING.
  3277 | D:6      | 3277 ||| INVOKING Heroism.
  3284 | D:6      | Reached skill level 1 in Invocations
  3285 | D:6      | HP: 8/70 [wight/+3 dire flail (13)]
  3285 | D:6      | HP: 2/68 [wight/+3 dire flail (6)]
  3286 | D:6      | 3286 ||| READING 2 scrolls of teleportation.
  3287 | D:6      | 3287 ||| DRINKING potion of heal wounds.
  3288 | D:6      | 3288 ||| INVOKING Heroism.
  3296 | D:6      | 3296 ||| FLEEEEING.
  3297 | D:6      | 3297 ||| FLEEEEING.
  3417 | D:6      | 3417 ||| INVOKING Heroism.
  3438 | D:6      | 3438 ||| INVOKING Heroism.
  3458 | D:6      | Reached skill level 10 in Ranged Weapons
  3633 | D:6      | Reached skill level 3 in Invocations
  3661 | D:6      | 3661 ||| INVOKING Heroism.
  3774 | D:6      | 3774 ||| INVOKING Heroism.
  3960 | D:6      | 3960 ||| DRINKING 2 sedimented amethyst potions.
  4064 | D:6      | 4064 ||| DROPPING potion of berserk rage.
  4233 | D:7      | 4233 ||| INVOKING Heroism.
  4239 | D:7      | Reached XP level 9. HP: 79/79 MP: 8/11
  4282 | D:7      | 4282 ||| INVOKING Heroism.
  4409 | D:7      | 4409 ||| INVOKING Heroism.
  4429 | D:7      | Reached skill level 11 in Ranged Weapons
  4438 | D:7      | Reached skill level 3 in Armour
  4438 | D:7      | 4438 ||| INVOKING Heroism.
  4478 | D:7      | 4478 ||| Stepping ~*~*~tactically~*~*~ (water).
  4730 | D:7      | Found a snail-covered altar of Cheibriados.
  4731 | D:7      | 4731 ||| UPGRADING to +0 steam dragon scales.
  4741 | D:7      | 4741 ||| DROPPING +0 ring mail.
  4742 | D:7      | 4742 ||| UPGRADING to +1 ring mail of poison resistance.
  4752 | D:7      | 4752 ||| DROPPING amulet of the acrobat.
  4753 | D:7      | 4753 ||| READING scroll labelled UKICZU QUAQU.
  4755 | D:7      | 4755 ||| DRINKING 2 yellow potions.
  4756 | D:7      | 4756 ||| DROPPING potion of brilliance.
  4861 | D:8      | 4861 ||| Stepping ~*~*~tactically~*~*~ (outnumbered).
  4878 | D:8      | Reached skill level 12 in Ranged Weapons
  4878 | D:8      | 4878 ||| INVOKING Heroism.
  5074 | D:8      | 5074 ||| INVOKING Heroism.
  5258 | D:8      | Found a transporter.
  5258 | D:8      | Found Corocifu's Armour Shoppe.
  5261 | D:8      | Found a transporter.
  5305 | D:8      | 5305 ||| INVOKING Heroism.
  5341 | D:8      | Found a hazy altar of Hepliaklqana.
  5341 | D:8      | Found a shadowy altar of Dithmenos.
  5397 | D:8      | 5397 ||| INVOKING Heroism.
  5660 | D:8      | 5660 ||| UPGRADING to amulet of faith.
  5670 | D:8      | 5670 ||| DROPPING amulet of guardian spirit.
  5671 | D:8      | 5671 ||| READING scroll labelled JEVAGE AD FEHO.
  5672 | D:8      | 5672 ||| READING 2 scrolls of identify.
  5672 | D:8      | 5672 ||| IDENTIFYING bubbling white potion
  5673 | D:8      | 5673 ||| DROPPING potion of ambrosia.
  5754 | D:9      | Noticed Maurice
  5761 | D:9      | Killed Maurice
  5762 | D:9      | Reached XP level 10. HP: 82/88 MP: 12/12
  5865 | D:9      | Noticed a two-headed ogre
  5866 | D:9      | 5866 ||| INVOKING Heroism.
  5872 | D:9      | Killed a two-headed ogre
  5873 | D:9      | Reached skill level 13 in Ranged Weapons
  6006 | D:9      | Noticed a two-headed ogre
  6007 | D:9      | 6007 ||| INVOKING Heroism.
  6013 | D:9      | Killed a two-headed ogre
  6014 | D:9      | Reached skill level 9 in Fighting
  6037 | D:9      | Reached ** piety under Okawaru
  6038 | D:9      | Reached skill level 6 in Dodging
  6417 | D:10     | Entered Level 10 of the Dungeon
  6442 | D:10     | Noticed a gargoyle
  6447 | D:10     | Killed a gargoyle
  6544 | D:10     | 6544 ||| INVOKING Heroism.
  6555 | D:10     | 6555 ||| Stepping ~*~*~tactically~*~*~ (cloud).
  6787 | D:10     | Found a staircase to the Lair.
  6797 | D:10     | Found a runed translucent door.
  6805 | D:10     | Found a basalt altar of Yredelemnul.
  6853 | D:10     | HP: 18/91 [something (6)]
  7105 | D:10     | 7105 ||| INVOKING Heroism.
  7113 | D:10     | Reached skill level 14 in Ranged Weapons
  7490 | D:10     | 7490 ||| Stepping ~*~*~tactically~*~*~ (cloud).
  7493 | D:10     | 7493 ||| INVOKING Heroism.
  7528 | D:10     | 7528 ||| PLANNING LAIR
  7528 | D:10     | 7528 ||| UPGRADING to +0 pair of gloves.
  7533 | D:10     | 7533 ||| READING scroll labelled VEBRAU CIKK.
  7534 | D:10     | 7534 ||| READING 3 scrolls of identify.
  7534 | D:10     | 7534 ||| IDENTIFYING metallic ruby potion
  7535 | D:10     | 7535 ||| READING 2 scrolls of identify.
  7535 | D:10     | 7535 ||| IDENTIFYING clear potion
  7536 | D:10     | 7536 ||| DROPPING potion of invisibility.
  7624 | Lair:1   | Entered Level 1 of the Lair of Beasts
  7625 | Lair:1   | 7625 ||| PLANNING GAUNTLET
  7628 | Lair:1   | 7628 ||| STAIRDANCE
  7633 | D:10     | 7633 ||| INVOKING Heroism.
  7797 | Lair:1   | 7797 ||| STAIRDANCE
  7800 | D:10     | 7800 ||| INVOKING Heroism.
  7813 | D:10     | Reached XP level 11. HP: 38/99 MP: 11/13
  7983 | Lair:1   | 7983 ||| STAIRDANCE
  7986 | D:10     | 7986 ||| INVOKING Heroism.
  7993 | D:10     | Reached *** piety under Okawaru
  8132 | Lair:1   | 8132 ||| RIP GAUNTLET
  8133 | Lair:1   | 8133 ||| PLANNING LAIR
  8141 | Lair:1   | 8141 ||| READING scroll of brand weapon.
  8141 | Lair:1   | 8141 ||| BRANDING +1 longbow.
  8159 | Lair:1   | 8159 ||| INVOKING Heroism.
  8173 | Lair:1   | Reached skill level 15 in Ranged Weapons
  8387 | Lair:1   | 8387 ||| INVOKING Heroism.
  8439 | Lair:1   | Noticed a catoblepas
  8440 | Lair:1   | 8440 ||| Stepping ~*~*~tactically~*~*~ (cloud).
  8451 | Lair:1   | 8451 ||| INVOKING Heroism.
  8452 | Lair:1   | 8452 ||| Stepping ~*~*~tactically~*~*~ (cloud).
  8461 | Lair:1   | 8461 ||| Stepping ~*~*~tactically~*~*~ (cloud).
  8462 | Lair:1   | Killed a catoblepas
  8511 | Lair:1   | Noticed a death yak
  8512 | Lair:1   | 8512 ||| INVOKING Heroism.
  8513 | Lair:1   | Noticed a death yak
  8518 | Lair:1   | Noticed a death yak
  8519 | Lair:1   | Killed a death yak
  8519 | Lair:1   | Reached **** piety under Okawaru
  8519 | Lair:1   | Noticed a death yak
  8528 | Lair:1   | Killed a death yak
  8534 | Lair:1   | Killed a death yak
  8539 | Lair:1   | Killed a death yak
  8790 | Lair:1   | 8790 ||| READING scroll of enchant armour.
  8790 | Lair:1   | 8790 ||| ENCHANTING +0 pair of gloves.
  9006 | Lair:1   | 9006 ||| READING 2 scrolls of identify.
  9006 | Lair:1   | 9006 ||| IDENTIFYING white potion
  9014 | Lair:2   | 9014 ||| INVOKING Heroism.
  9020 | Lair:2   | Reached ***** piety under Okawaru
  9033 | Lair:2   | HP: 16/99 [elephant (15)]
  9034 | Lair:2   | 9034 ||| READING 5 scrolls of teleportation.
  9034 | Lair:2   | HP: 7/99 [poisoned by a cane toad]
  9035 | Lair:2   | 9035 ||| DRINKING 3 potions of heal wounds.
  9036 | Lair:2   | 9036 ||| DRINKING 2 potions of heal wounds.
  9037 | Lair:2   | 9037 ||| DRINKING potion of heal wounds.
  9040 | Lair:2   | HP: 24/99 [poisoned by a cane toad]
  9281 | Lair:2   | Reached skill level 16 in Ranged Weapons
  9281 | Lair:2   | Reached skill level 6 in Invocations
  9292 | Lair:2   | Received a gift from Okawaru
  9296 | Lair:2   | 9296 ||| INVOKING Heroism.
  9359 | Lair:2   | Found a staircase to the Snake Pit.
  9378 | Lair:2   | 9378 ||| INVOKING Heroism.
  9381 | Lair:2   | Reached XP level 12. HP: 108/108 MP: 13/16
  9418 | Lair:2   | 9418 ||| INVOKING Heroism.
  9423 | Lair:2   | Received a gift from Okawaru
  9434 | Lair:2   | 9434 ||| DROPPING +2 hand crossbow of freezing.
  9447 | Lair:2   | 9447 ||| INVOKING Heroism.
  9703 | Lair:2   | 9703 ||| INVOKING Heroism.
  9736 | Lair:2   | 9736 ||| INVOKING Heroism.
  9808 | Lair:2   | 9808 ||| INVOKING Heroism.
  9901 | Lair:2   | Noticed a catoblepas
  9902 | Lair:2   | 9902 ||| INVOKING Heroism.
  9904 | Lair:2   | 9904 ||| Stepping ~*~*~tactically~*~*~ (cloud).
  9912 | Lair:2   | Killed a catoblepas
 10230 | Lair:2   | 10230 ||| UPGRADING to ring of protection from fire.
 10232 | Lair:2   | 10232 ||| DRINKING 2 fizzy sapphire potions.
 10271 | Lair:2   | 10271 ||| DRINKING 2 fizzy golden potions.
 10271 | Lair:2   | Gained mutation: Your body sometimes deteriorates upon
                  | taking damage. [potion of mutation]
 10271 | Lair:2   | Gained mutation: You occasionally shout uncontrollably at
                  | your foes. [potion of mutation]
 10272 | Lair:2   | 10272 ||| DROPPING potion of lignification.
 10288 | Lair:3   | 10288 ||| STAIRDANCE
 10291 | Lair:2   | 10291 ||| INVOKING Heroism.
 10511 | Lair:3   | 10511 ||| INVOKING Heroism.
 10536 | Lair:3   | Reached skill level 17 in Ranged Weapons
 10538 | Lair:3   | HP: 21/110 [elephant (8)]
 10539 | Lair:3   | 10539 ||| READING 5 scrolls of teleportation.
 10580 | Lair:3   | 10580 ||| INVOKING Heroism.
 10610 | Lair:3   | 10610 ||| INVOKING Heroism.
 10671 | Lair:3   | 10671 ||| INVOKING Heroism.
 10676 | Lair:3   | Reached skill level 9 in Invocations
 10705 | Lair:3   | Reached skill level 6 in Armour
 10713 | Lair:3   | Received a gift from Okawaru
 10762 | Lair:3   | 10762 ||| INVOKING Heroism.
 11353 | Lair:3   | Found a staircase to the Shoals.
 11358 | Lair:3   | 11358 ||| INVOKING Heroism.
 11361 | Lair:3   | HP: 15/110 [snapping turtle (24)]
 11362 | Lair:3   | 11362 ||| READING 4 scrolls of teleportation.
 11364 | Lair:3   | Slain by a snapping turtle

Levels and vault maps discovered:
D:1:      heliophobic_arrival_dark_side_of_the_moon, layout_rooms
D:2:      layout_basic, hellmonk_ecumenical_altar_leap_of_faith,
          minmay_surrounded
D:3:      layout_basic, lemuel_doored_altar, st_stairs_8, minivault_24,
          corexii_hall_statues_l, serial_bayou_pond_c, nrook_mini_backslash,
          uniq_jessica, uniq_sigmund
D:4:      layout_rooms, lemuel_round_altar, serial_shops, shop,
          nicolae_shop_peninsula, shop, shop,
          hangedman_abyss_or_decor_lesser_grid
D:5:      layout_loops_cross, tso_metal_star, okawaru_trees_2,
          minmay_temple_entry_antechambers, st_stairs_14
D:6:      layout_basic
D:7:      layout_loops_cross, cheibrodos_worm_habitat, hangedman_misty_isle
D:8:      layout_loops_ring, riverfiend_overflow_shadow_ancestor, serial_shops,
          nicolae_shop_drivethru, minivault_14
D:9:      layout_irregular_city, amcnicky_mini_pool_medium, uniq_maurice
D:10:     layout_gridville, dk_yredelemnul_ordeal, lair_entry_dummy
Temple:   nicolae_temple_ecumenical_triangle
Lair:1:   layout_regular_city, gauntlet_entry_generic, minmay_stone_trees_small
Lair:2:   layout_roguey, guppyfry_snake_entry_island
Lair:3:   layout_hall_layers, minmay_shoals_entry_hut

Skill      XL: |  1  2  3  4  5  6  7  8  9 10 11 12 |
---------------+-------------------------------------+-----
Ranged Weapons | 5 6 7 8 9 10 12 14 16 17 | 17.1
Fighting       | 3 4 6 7 8 10 11 | 11.0
Armour         | 2 3 4 5 6 |  6.1
Dodging        | 3 5 6 7 8 |  8.0
Invocations    | 4 6 9 |  9.8
Stealth        | |  0.7

Action                     |  1- 3 |  4- 6 |  7- 9 | 10-12 || total
---------------------------+-------+-------+-------+-------++-------
   Fire: Shortbow          |    93 |    82 |       |       ||   175
         Longbow           |       |    37 |   282 |   468 ||   787
 Invoke: Heroism           |       |       |    14 |    28 ||    42
    Use: Scroll            |     4 |     5 |     5 |     9 ||    23
         Potion            |     2 |     2 |     3 |     5 ||    12
 Armour: Leather armour    |     6 |     4 |       |       ||    10
         Ring mail         |       |    11 |    53 |   101 ||   165
  Dodge: Dodged            |    30 |    18 |   134 |   226 ||   408

Table legend:
 A = Non-vault XP
 B = Vault XP
 C = Vault XP percentage of total XP
 D = Non-vault monster count
 E = Vault monster count
 F = Vault count percentage of total count
                 A         B        C        D         E       F
            +---------+---------+-------+---------+---------+-------
      Total |   34215 |    2810 |   7.6 |     257 |      24 |   8.5
            +---------+---------+-------+---------+---------+-------
        D:1 |      29 |       0 |   0.0 |      21 |       0 |   0.0
        D:2 |      98 |       7 |   6.7 |      22 |       4 |  15.4
        D:3 |      54 |     227 |  80.8 |      18 |       3 |  14.3
        D:4 |     231 |       0 |   0.0 |      17 |       0 |   0.0
        D:5 |     432 |      83 |  16.1 |      14 |       1 |   6.7
        D:6 |    1454 |       0 |   0.0 |      32 |       0 |   0.0
        D:7 |     595 |     710 |  54.4 |       7 |       6 |  46.2
        D:8 |    1389 |       0 |   0.0 |      26 |       0 |   0.0
        D:9 |    1050 |    1781 |  62.9 |      10 |       8 |  44.4
       D:10 |    3590 |       2 |   0.1 |      19 |       2 |   9.5
     Lair:1 |    6192 |       0 |   0.0 |      15 |       0 |   0.0
     Lair:2 |   10193 |       0 |   0.0 |      29 |       0 |   0.0
     Lair:3 |    8908 |       0 |   0.0 |      27 |       0 |   0.0
            +---------+---------+-------+---------+---------+-------
